 Dungeon Crawl Stone Soup version 0.19.3-4-gbf9329e (webtiles) character file.

61 pib the Insei (level 3, 30/30 HPs)
             Began as a Draconian Transmuter on Jan 29, 2017.
             Quit the game on level 3 of the Dungeon.
             The game lasted 00:03:48 (1868 turns).

pib the Insei (Draconian Transmuter)                Turns: 1868, Time: 00:03:48

Health: 30/30      AC:  5    Str: 12    XL:     3   Next: 83%
Magic:  6/6        EV: 12    Int: 13    God:
Gold:   31         SH:  0    Dex: 12    Spells: 2 memorised, 3 levels left

rFire  . . .     SeeInvis .       - Unarmed
rCold  . . .     Gourm    .     (armour unavailable)
rNeg   . . .     Faith    .     (no shield)
rPois  .         Spirit   .     (helmet restricted)
rElec  .         Reflect  .     (no cloak)
rCorr  +         Harm     .     (no gloves)
MR     .....                    (no boots)
Stlth  +.........               (no amulet)
                                (no ring)
                                d - ring of resist corrosion

@: drained
A: unfitting armour, cold-blooded, AC +5
a: no special abilities


You were on level 3 of the Dungeon.
You were not hungry.

You visited 1 branch of the dungeon, and saw 3 of its levels.

You collected 31 gold pieces.

Inventory:

Hand Weapons
 g - a +0 hunting sling
Missiles
 a - 32 arrows
 h - 10 poisoned needles
 i - 2 tomahawks (quivered)
Jewellery
 d - a ring of resist corrosion (left hand)
Scrolls
 e - a scroll of fear {unknown}
 f - a scroll of recharging {unknown}
Potions
 j - a potion of invisibility {unknown}
Books
 b - a book of Changes

   Spells                             Type                      Level
   a - Beastly Appendage              Transmutation                1
   b - Sticks to Snakes               Transmutation                2
   c - Spider Form                    Transmutation/Poison         3
   d - Ice Form                       Ice/Transmutation            4
   e - Blade Hands                    Transmutation                5
Comestibles
 c - 2 bread rations
 k - a chunk of flesh


   Skills:
 + Level 2.6(2.1) Fighting
 - Level 1.8(1.3) Dodging
 + Level 3.5(2.9) Unarmed Combat
 - Level 2.1(1.6) Spellcasting
 + Level 2.7(2.1) Transmutations


You had 3 spell levels left.
You knew the following spells:

 Your Spells              Type           Power        Failure   Level  Hunger
a - Beastly Appendage     Tmut           #.....       12%         1    ##.....
b - Sticks to Snakes      Tmut           #.......     17%         2    ###....


Dungeon Overview and Level Annotations

Branches:
Dungeon (3/15)

Altars:
Zin

Annotations:
D:2 Sigmund
D:3 Jessica


Innate Abilities, Weirdness & Mutations

Your plain brown scales are hard. (AC +5)
You cannot fit into any form of body armour.
You are cold-blooded and may be slowed by cold attacks.


Message History

Autopickup is now on.
Eating one of 2 chunks of flesh.
You start eating one of the 2 chunks of flesh.
This raw flesh tastes terrible.
e - a scroll labeled VIWOBA OZXAAN
c - 2 bread rations (gained 1)
There is a stone staircase leading down here.
You climb downwards.
There is a stone staircase leading up here.
Okay, then.
You now have 31 gold pieces (gained 14).
Found a robe.
You see here a robe.
Found a stone staircase leading down.
Jessica the Apprentice Sorceress comes into view.
She is wielding a dagger.
Jessica is too close now for your liking.
Level annotation: Jessica Welcome back, pib the Draconian Transmuter.
Press ? for a list of commands and other information.
Are you sure you want to abandon this character and quit the game? (Confirm with "yes".)

#.#.#..........#
#.#.#..#######.#
#.....>........#
#####......#########
#.................
#####.####.....#######
#.....# #........#
###.#.#.# ##.......####
#<..#...# #..@.......# #
#####.#.########......##.#
#....................#
###.########.####.#### #.#
#.......# #.# ######..#
#.##############.#
#......[.........#
##################


There were no monsters in sight!

Vanquished Creatures
  Terence (D:2)
  An adder (D:2)
  2 leopard geckos (D:2)
  2 ball pythons (D:1)
  5 bats
  A giant cockroach (D:1)
  3 goblins (D:1)
  4 hobgoblins
  2 frilled lizards
  3 kobolds
  3 rats
27 creatures vanquished.

Notes
Turn   | Place    | Note
-------+----------+-------------------------------------------
     0 | D:1      | pib the Draconian Transmuter began the quest for the Orb.
     0 | D:1      | Reached XP level 1. HP: 16/16 MP: 3/3
   362 | D:1      | Reached XP level 2. HP: 23/23 MP: 3/5
   980 | D:2      | Found a glowing silver altar of Zin.
  1104 | D:2      | Noticed Terence
  1109 | D:2      | Learned a level 2 spell: Sticks to Snakes
  1125 | D:2      | Killed Terence
  1125 | D:2      | Reached XP level 3. HP: 6/29 MP: 1/6
  1424 | D:2      | Noticed Sigmund
  1846 | D:3      | Noticed Jessica
  1868 | D:3      | Quit the game

Skill      XL: |  1  2 |
---------------+-------+-----
Fighting       | 2 |  2.6
Dodging        | |  1.8
Unarmed Combat | |  3.5
Spellcasting   | |  2.1
Transmutations | |  2.7

Action                   || total
-------------------------++-------
Melee: Unarmed           ||   101
       Tailslap          ||     9
       Kick              ||     2
 Cast: Beastly Appendage ||     8
       Sticks to Snakes  ||     2
  Use: Scroll            ||     1
 Stab: Sleeping          ||     1
  Eat: Chunk             ||     3
Armor: Skin              ||    43
Dodge: Dodged            ||    68
